 Dungeon Crawl Stone Soup version 0.24.0-13-gcf9b319 (webtiles) character file.

Game seed: 15021934228694409292, levelgen mode: deterministic

64 Fang the Skirmisher (level 4, -3/43 HPs)
             Began as a Gargoyle Berserker on Nov 25, 2019.
             Was a Believer of Trog.
             Slain by Terence
             ... wielding a +0 trident
              (4 damage)
             ... on level 2 of the Dungeon.
             The game lasted 00:00:48 (473 turns).

Fang the Skirmisher (Gargoyle Berserker)             Turns: 473, Time: 00:00:48

Health: -3/43      AC:  5    Str: 27    XL:     4   Next: 12%
Magic:  4/4        EV: 12    Int:  7    God:    Trog [**....]
Gold:   68         SH:  0    Dex:  9    Spells: 3/3 levels left

rFire    . . .     SeeInvis .   a - +0 hand axe
rCold    . . .     Gourm    .   (no shield)
rNeg     + . .     Faith    .   b - +0 animal skin
rPois    ∞         Spirit   .   (no helmet)
rElec    +         Reflect  .   (no cloak)
rCorr    .         Harm     .   (no gloves)
MR       .....                  (no boots)
Stlth    ..........             (no amulet)
HPRegen  0.14/turn              (no ring)
MPRegen  0.09/turn              (no ring)

@: berserking, very quick
A: negative energy resistance 1, electricity resistance, unbreathing,
petrification resistance, rot immunity, AC +3
a: Berserk, Trog's Hand, Renounce Religion


You were on level 2 of the Dungeon.
You worshipped Trog.
Trog was pleased with you.
You were not hungry.

You visited 1 branch of the dungeon, and saw 2 of its levels.

You collected 68 gold pieces.

Inventory:

Hand Weapons
 a - a +0 hand axe (weapon)
Armour
 b - a +0 animal skin (worn)
Scrolls
 d - a scroll of random uselessness {unknown}
 h - a scroll of magic mapping {unknown}
Potions
 e - a potion of flight {unknown}
 g - a potion of mutation {unknown}
Comestibles
 c - a ration
 f - 4 chunks of flesh


   Skills:
 + Level 3.9 Fighting
 + Level 3.2 Axes
 + Level 3.0 Armour
 + Level 2.2 Dodging


You had 3 spell levels left.
You didn't know any spells.
Your spell library was empty.

Dungeon Overview and Level Annotations

Branches:
Dungeon (2/15)

Altars:

Annotations:
D:2 Terence


Innate Abilities, Weirdness & Mutations

You are resistant to torment.
Your stone body is resilient. (AC +3)
You are immune to poison.
You resist negative energy. (rN+)
You are resistant to electric shocks. (rElec)
You can survive without breathing.
You are immune to petrification.
You are immune to rotting.


Message History

You feel yourself moving faster!
You feel mighty!
You feel a lot more hungry. Terence barely misses you.
The hobgoblin barely misses you. Natasha claws you!
* * * LOW HITPOINT WARNING * * *
The dart slug closely misses you.
You slash Natasha!
You kill Natasha!
Trog accepts your kill.
Trog appreciates your killing of a magic user.
Natasha screams in pain as she dies!
Your Armour skill increases to level 3!
You have reached level 4!
You feel stronger.
You slash the dart slug!
You kill the dart slug!
Trog accepts your kill.
You can now call upon Trog for regeneration and magic resistance.
You closely miss the hobgoblin. Terence says, "Did you write a will?
You should..."
Terence hits you from afar with a +0 trident.
You die...

.. ########### #.
#.........# #.
#.........# ##.
##.........# ###
#..####..........#
#...#...##^.####.#####
#....>..##.#####.####...
$.....)@†.............#
#.....g).#######.######
.....@..## #.##
#.......# #..# #......##
##.# #...##. #.# # #...
#. #.###.# ... ..
#.....# ##.####


You could see Terence and a hobgoblin.

Vanquished Creatures
  Natasha (D:2)
  An ooze (D:2)
  3 dart slugs (D:2)
  2 giant cockroaches (D:1)
  3 goblins (D:2)
  A hobgoblin (D:2)
  4 jackals (D:1)
  6 kobolds
  A quokka (D:2)
  A ball python (D:2)
  3 bats
  A frilled lizard (D:2)
  2 rats (D:2)
29 creatures vanquished.

Notes
Turn   | Place    | Note
-------+----------+-------------------------------------------
     0 | D:1      | Fang the Gargoyle Berserker began the quest for the Orb.
     0 | D:1      | Reached XP level 1. HP: 14/14 MP: 1/1
    43 | D:1      | Reached XP level 2. HP: 12/19 MP: 2/2
   133 | D:1      | You fall into a shaft and drop 1 floor!
   186 | D:2      | Reached XP level 3. HP: 11/23 MP: 3/3
   460 | D:2      | Noticed Terence
   467 | D:2      | Noticed Natasha
   472 | D:2      | HP: 1/36 [Natasha (7)]
   473 | D:2      | Killed Natasha
   473 | D:2      | Reached XP level 4. HP: 1/29 MP: 4/4
   473 | D:2      | Reached ** piety under Trog
   473 | D:2      | Slain by Terence

Levels and vault maps discovered:
D:1:      dpeg_arrival_pond, layout_rooms, minmay_pentomino_z2
D:2:      layout_rooms, uniq_crazy_yiuf_cottage, uniq_natasha, uniq_sigmund,
          uniq_terence

Skill      XL: |  1  2  3 |
---------------+----------+-----
Axes           | 3 |  3.2
Dodging        | 2 |  2.2
Armour         | 3 |  3.0
Fighting       | |  3.9

Action                   |  1- 3 |  4- 6 || total
-------------------------+-------+-------++-------
Melee: Hand axe          |    78 |       ||    78
Invok: Berserk           |     1 |       ||     1
Armor: Animal skin       |    28 |       ||    28
Dodge: Dodged            |    64 |       ||    64
